Winnipeg Jets vs Colorado Rockies
(R1)
Created - Sunday, February 2, 2025 at 09:39
Goals
|
| Winnipeg Jets |
0 |
1 |
0 |
0 |
1 |
2 |
| Colorado Rockies |
0 |
0 |
1 |
0 |
0 |
1 |
|
Shots
|
| Winnipeg Jets |
8 |
16 |
10 |
2 |
3 |
36 |
| Colorado Rockies |
9 |
12 |
8 |
0 |
3 |
29 |
|
1st period
No Goal
Penalties :
Joel Armia (WPG) for Slashing (Minor) at 3:56, Oliver Ekman-Larsson (WPG) for Slashing (Minor) at 10:18, Michael Bunting (COL) for Cross-checking (Minor) at 12:42, Oliver Ekman-Larsson (WPG) for Tripping (Minor) at 16:40
2nd period
1. Winnipeg Jets , Jason Zucker 1 (Adam Lowry 1) at 10:40
Penalties :
Dylan Samberg (WPG) for Delaying the game (Minor) at 5:44
3rd period
2. Colorado Rockies , Michael Bunting 1 (Nikita Kucherov 1, Nick Schmaltz 1) at 3:57
Penalties :
Barclay Goodrow (WPG) for Hooking (Minor) at 0:18, Barclay Goodrow (WPG) for Roughing (Double Minor) at 4:02, Jason Zucker (WPG) for Hooking (Minor) at 16:00
Overtime #1
No Goal
Penalties :
No Penalty
Shootout
Winnipeg Jets, Connor McDavid - Goal!
Colorado Rockies, Nikita Kucherov - Shot Misses the Net
Winnipeg Jets, Connor Bedard - Stopped by Joey Daccord
Colorado Rockies, David Pastrnak - Stopped by Martin Jones
Winnipeg Jets, Alexis Lafreniere - Stopped by Joey Daccord
Colorado Rockies, Tim Stutzle - Stopped by Martin Jones
Penalties :
No Penalty
Goalie Stats
Martin Jones (WPG), 28 saves from 29 shots - (0.966), W, 1-0-0, 65:00 minutes
Joey Daccord (COL), 35 saves from 36 shots - (0.972), OTL, 0-0-1, 65:00 minutes
Players Stats for Winnipeg Jets
Player Name G A P +/- PIM S H SB GA TA FO MP PP MP PK MP
------------------------------------------------------------------------------------
Adam Lowry 0 1 1 0 0 2 2 0 2 0 8/10 19:25 0:00 7:31
Alexis Lafreniere 0 0 0 0 0 2 1 1 2 0 2/6 21:16 1:02 7:05
Andre Burakovsky 0 0 0 0 0 0 0 0 0 0 0/0 7:39 0:00 0:00
Barclay Goodrow 0 0 0 0 6 0 1 0 0 0 0/0 11:36 0:00 0:11
Connor Bedard 0 0 0 0 0 8 4 0 0 0 4/12 22:34 0:57 7:14
Connor McDavid 0 0 0 0 0 3 1 1 2 0 13/18 20:38 1:02 6:53
Dylan Samberg 0 0 0 0 2 0 1 0 1 2 0/0 21:43 0:43 6:42
Haydn Fleury 0 0 0 0 0 0 1 0 0 2 0/0 15:08 0:00 0:32
Jason Zucker 1 0 1 0 2 7 1 0 0 0 0/0 12:43 0:00 1:41
Joel Armia 0 0 0 0 2 2 0 0 0 0 0/1 13:56 0:57 0:00
Mason Appleton 0 0 0 0 0 1 2 0 1 1 0/1 13:54 0:57 0:00
Michael Kesselring 0 0 0 0 0 3 1 0 0 0 0/0 17:40 0:00 3:04
Nate Schmidt 0 0 0 0 0 2 6 1 0 0 0/0 27:26 1:16 7:55
Oliver Ekman-Larsson 0 0 0 0 4 0 0 1 0 0 0/0 25:24 1:16 5:52
Olli Maatta 0 0 0 0 0 0 3 1 0 0 0/0 22:41 0:43 7:41
Ridly Greig 0 0 0 0 0 1 0 0 0 0 2/3 7:39 0:00 0:00
Taylor Hall 0 0 0 0 0 2 2 0 0 0 1/1 10:27 0:00 0:55
Vladislav Namestnikov 0 0 0 0 0 3 1 0 0 0 0/1 12:11 1:02 0:16
Players Stats for Colorado Rockies
Player Name G A P +/- PIM S H SB GA TA FO MP PP MP PK MP
------------------------------------------------------------------------------------
Andrew Peeke 0 0 0 0 0 0 0 0 1 1 0/0 13:13 0:37 0:00
David Pastrnak 0 0 0 -1 0 5 3 1 1 0 1/2 23:45 7:21 1:00
Evgeny Kuznetsov 0 0 0 0 0 0 0 0 0 0 0/0 4:36 1:11 0:00
Jesper Bratt 0 0 0 0 0 4 0 1 0 2 0/0 21:39 7:25 0:58
Kevin Hayes 0 0 0 0 0 0 1 0 0 0 0/0 3:46 1:17 0:00
Kyle Connor 0 0 0 -1 0 0 1 1 0 0 0/1 21:05 7:19 0:01
Kyle Palmieri 0 0 0 0 0 3 3 0 1 0 0/0 13:42 0:58 0:01
Martin Fehervary 0 0 0 0 0 1 1 0 0 1 0/0 24:09 7:34 0:44
Michael Bunting 1 0 1 1 2 3 2 0 0 0 1/2 14:37 0:00 0:00
Nick Bonino 0 0 0 1 0 0 0 0 0 0 0/1 5:18 0:14 0:00
Nick Schmaltz 0 1 1 -1 0 2 2 0 0 0 9/19 20:54 7:19 0:00
Nikita Kucherov 0 1 1 1 0 2 2 3 1 0 1/4 24:59 7:09 1:00
Nikita Zadorov 0 0 0 0 0 0 4 1 0 3 0/0 24:09 7:34 0:44
Philipp Kurashev 0 0 0 0 0 0 1 0 0 0 2/7 12:00 0:01 0:00
Quinn Hughes 0 0 0 0 0 2 1 0 1 0 0/0 27:38 7:42 1:15
Tim Stutzle 0 0 0 0 0 6 0 0 0 1 9/17 21:39 7:25 0:58
Victor Hedman 0 0 0 0 0 1 1 2 0 0 0/0 27:38 7:42 1:15
Vince Dunn 0 0 0 0 0 0 0 0 0 0 0/0 13:13 0:37 0:00
3 Stars
1 - Joey Daccord (COL)
2 - Martin Jones (WPG)
3 - Nikita Kucherov (COL)
Power Play
Winnipeg Jets - 0 on 1 Attempt(s) - 0.00%
Colorado Rockies - 0 on 8 Attempt(s) - 0.00%
Penalty Kill
Winnipeg Jets - 8 on 8 Attempt(s) - 100.00%
- Score 0 goal in Penalty Kill
Colorado Rockies - 1 on 1 Attempt(s) - 100.00%
- Score 0 goal in Penalty Kill
Team Stat
Winnipeg Jets - Hits : 27 - Faceoff Wins : 30 - Blocked Shots : 5 - Penalty Minutes : 16
Colorado Rockies - Hits : 22 - Faceoff Wins : 23 - Blocked Shots : 9 - Penalty Minutes : 2
Official
Referees : Morgan Macphee and Frederick L'Ecuyer
Linesman : Bevan Mills and Julien Fournier
Game Notes
No Game Note
Finance
Level 1 -- Attendance: 6000 (100.00%) -- Ticket Income $540,000
Level 2 -- Attendance: 4828 (96.56%) -- Ticket Income $265,540
Level 3 -- Attendance: 2448 (81.60%) -- Ticket Income $85,680
Level 4 -- Attendance: 3500 (70.00%) -- Ticket Income $87,500
Luxury Box -- Attendance: 995 (99.50%) -- Ticket Income $174,125
Game was played at the Pepsi Center.
Total Attendance: 17771 (88.86%)
Total Ticket Income: $1,152,845
Other Income: $403,496
Total Income: $1,556,341
Winnipeg Jets
5 vs 5 Forward
Center Left Wing Right Wing Time % Phy DF OF
1 Connor McDavid Alexis Lafreniere Vladislav Namestnikov 30 1 2 2
2 Connor Bedard Joel Armia Mason Appleton 30 1 2 2
3 Adam Lowry Barclay Goodrow Jason Zucker 25 1 2 2
4 Ridly Greig Taylor Hall Andre Burakovsky 15 1 2 2
5 vs 5 Defense
Defense Defense Time % Phy DF OF
1 Oliver Ekman-Larsson Nate Schmidt 35 1 2 2
2 Dylan Samberg Olli Maatta 35 1 2 2
3 Haydn Fleury Michael Kesselring 30 1 2 2
4 Oliver Ekman-Larsson Nate Schmidt 0 1 2 2
PowerPlay Forward
Center Left Wing Right Wing Time % Phy DF OF
1 Connor McDavid Alexis Lafreniere Vladislav Namestnikov 50 1 2 2
2 Connor Bedard Joel Armia Mason Appleton 50 1 2 2
PowerPlay Defense
Defense Defense Time % Phy DF OF
1 Oliver Ekman-Larsson Nate Schmidt 50 1 2 2
2 Dylan Samberg Olli Maatta 50 1 2 2
Penalty Kill 4 Players Forward
Center Wing Time % Phy DF OF
1 Connor McDavid Connor Bedard 50 1 2 2
2 Alexis Lafreniere Adam Lowry 50 1 2 2
Penalty Kill 4 Players Defense
Defense Defense Time % Phy DF OF
1 Oliver Ekman-Larsson Nate Schmidt 50 1 2 2
2 Dylan Samberg Olli Maatta 50 1 2 2
Penalty Kill - 3 Players Forward
Forward Time % Phy DF OF
1 Connor McDavid 50 1 2 2
2 Connor Bedard 50 1 2 2
Penalty Kill - 3 Players Defense
Defense Defense Time % Phy DF OF
1 Oliver Ekman-Larsson Nate Schmidt 50 1 2 2
2 Dylan Samberg Olli Maatta 50 1 2 2
4 vs 4 Forward
Center Wing Time % Phy DF OF
1 Connor McDavid Connor Bedard 50 1 2 2
2 Alexis Lafreniere Adam Lowry 50 1 2 2
4 vs 4 Defense
Defense Defense Time % Phy DF OF
1 Oliver Ekman-Larsson Nate Schmidt 50 1 2 2
2 Dylan Samberg Olli Maatta 50 1 2 2
Last Minutes Offensive
Center Left Wing Right Wing Defense Defense
Connor McDavid Alexis Lafreniere Vladislav Namestnikov Oliver Ekman-Larsson Nate Schmidt
Last Minutes Defensive
Center Left Wing Right Wing Defense Defense
Connor McDavid Alexis Lafreniere Vladislav Namestnikov Oliver Ekman-Larsson Nate Schmidt
Goaltenders
Starting : Martin Jones
Backup : Ukko-Pekka Luukkonen
Extra Forwards
Normal : Taylor Hall, Barclay Goodrow, Jason Zucker - PP : Taylor Hall, Barclay Goodrow - PK : Jason Zucker
Extra Defensemen
Normal : Haydn Fleury, Michael Kesselring, Dylan Samberg - PP : Haydn Fleury - PK : Michael Kesselring, Dylan Samberg
Penalty Shots
Connor McDavid, Connor Bedard, Alexis Lafreniere, Adam Lowry, Vladislav Namestnikov
Scratches
Sam Steel (Healthy), Brayden Pachal (Healthy)
Colorado Rockies
5 vs 5 Forward
Center Left Wing Right Wing Time % Phy DF OF
1 Tim Stutzle Jesper Bratt Nikita Kucherov 30 1 2 2
2 Nick Schmaltz Kyle Connor David Pastrnak 30 1 2 2
3 Philipp Kurashev Kyle Palmieri Michael Bunting 25 1 2 2
4 Nick Bonino Michael Bunting Nikita Kucherov 15 1 2 2
5 vs 5 Defense
Defense Defense Time % Phy DF OF
1 Victor Hedman Quinn Hughes 30 1 2 2
2 Nikita Zadorov Martin Fehervary 30 1 2 2
3 Vince Dunn Andrew Peeke 25 1 2 2
4 Victor Hedman Quinn Hughes 15 1 2 2
PowerPlay Forward
Center Left Wing Right Wing Time % Phy DF OF
1 Tim Stutzle Jesper Bratt Nikita Kucherov 50 1 2 2
2 Nick Schmaltz Kyle Connor David Pastrnak 50 1 2 2
PowerPlay Defense
Defense Defense Time % Phy DF OF
1 Victor Hedman Quinn Hughes 50 1 2 2
2 Nikita Zadorov Martin Fehervary 50 1 2 2
Penalty Kill 4 Players Forward
Center Wing Time % Phy DF OF
1 Nikita Kucherov David Pastrnak 50 1 2 2
2 Tim Stutzle Jesper Bratt 50 1 2 2
Penalty Kill 4 Players Defense
Defense Defense Time % Phy DF OF
1 Victor Hedman Quinn Hughes 50 1 2 2
2 Nikita Zadorov Martin Fehervary 50 1 2 2
Penalty Kill - 3 Players Forward
Forward Time % Phy DF OF
1 Nikita Kucherov 50 1 2 2
2 David Pastrnak 50 1 2 2
Penalty Kill - 3 Players Defense
Defense Defense Time % Phy DF OF
1 Victor Hedman Quinn Hughes 50 1 2 2
2 Nikita Zadorov Martin Fehervary 50 1 2 2
4 vs 4 Forward
Center Wing Time % Phy DF OF
1 Nikita Kucherov David Pastrnak 50 1 2 2
2 Tim Stutzle Jesper Bratt 50 1 2 2
4 vs 4 Defense
Defense Defense Time % Phy DF OF
1 Victor Hedman Quinn Hughes 50 1 2 2
2 Nikita Zadorov Martin Fehervary 50 1 2 2
Last Minutes Offensive
Center Left Wing Right Wing Defense Defense
Tim Stutzle Jesper Bratt Nikita Kucherov Victor Hedman Quinn Hughes
Last Minutes Defensive
Center Left Wing Right Wing Defense Defense
Tim Stutzle Jesper Bratt Nikita Kucherov Victor Hedman Quinn Hughes
Goaltenders
Starting : Joey Daccord
Backup : Daniil Tarasov
Extra Forwards
Normal : Evgeny Kuznetsov, Kevin Hayes, Kyle Palmieri - PP : Evgeny Kuznetsov, Kevin Hayes - PK : Kyle Palmieri
Extra Defensemen
Normal : Vince Dunn, Andrew Peeke, Nikita Zadorov - PP : Vince Dunn - PK : Andrew Peeke, Nikita Zadorov
Penalty Shots
Nikita Kucherov, David Pastrnak, Tim Stutzle, Jesper Bratt, Kyle Connor
Scratches
None
% Time on Ice - Winnipeg Jets
Lines # - Real PCT - Wanted PCT - Time Play
Normal Forward
1 - 27% - 30% - 11:19
2 - 32% - 30% - 13:17
3 - 23% - 25% - 9:53
4 - 18% - 15% - 7:39
Normal Defense
1 - 34% - 35% - 14:29
2 - 32% - 35% - 13:40
3 - 31% - 30% - 13:10
4 - 2% - 0% - 0:49
PP Forward
1 - 52% - 50% - 1:02
2 - 48% - 50% - 0:57
PP Defense
1 - 64% - 50% - 1:16
2 - 36% - 50% - 0:43
PK Forward
1 - 48% - 50% - 7:39
2 - 52% - 50% - 8:14
PK Defense
1 - 49% - 50% - 7:48
2 - 51% - 50% - 8:05
PK3 Forward
1 - 0% - 50%
2 - 0% - 50%
PK3 Defense
1 - 0% - 50%
2 - 0% - 50%
44 Forward
1 - 53% - 50% - 2:38
2 - 47% - 50% - 2:22
44 Defense
1 - 56% - 50% - 2:49
2 - 44% - 50% - 2:11
Last Minute Offensive - 0:00
Last Minute Defensive - 0:00
Total
Forward - 65:00
Defense - 65:00
|
% Time on Ice - Colorado Rockies
Lines # - Real PCT - Wanted PCT - Time Play
Normal Forward
1 - 27% - 30% - 11:34
2 - 32% - 30% - 13:36
3 - 28% - 25% - 11:57
4 - 12% - 15% - 5:01
Normal Defense
1 - 27% - 30% - 11:25
2 - 32% - 30% - 13:39
3 - 29% - 25% - 12:14
4 - 11% - 15% - 4:50
PP Forward
1 - 47% - 50% - 7:26
2 - 53% - 50% - 8:27
PP Defense
1 - 52% - 50% - 8:19
2 - 48% - 50% - 7:34
PK Forward
1 - 51% - 50% - 1:01
2 - 49% - 50% - 0:58
PK Defense
1 - 63% - 50% - 1:15
2 - 37% - 50% - 0:44
PK3 Forward
1 - 0% - 50%
2 - 0% - 50%
PK3 Defense
1 - 0% - 50%
2 - 0% - 50%
44 Forward
1 - 52% - 50% - 2:35
2 - 48% - 50% - 2:25
44 Defense
1 - 56% - 50% - 2:48
2 - 44% - 50% - 2:12
Last Minute Offensive - 0:00
Last Minute Defensive - 0:00
Total
Forward - 65:00
Defense - 65:00
|
Play-by-Play
1st period
0:01 of 1st period - Connor McDavid wins face-off versus Tim Stutzle in neutral zone.
0:04 of 1st period - Jesper Bratt is hit by Connor McDavid.
0:35 of 1st period - Wrist shot by Alexis Lafreniere.
0:35 of 1st period - Stopped by Joey Daccord without a rebound.
0:36 of 1st period - Nick Schmaltz wins face-off versus Connor Bedard in Colorado Rockies zone.
0:43 of 1st period - Slapshot by Kyle Connor.
0:43 of 1st period - Shot Misses the Net.
0:49 of 1st period - Slapshot by David Pastrnak.
0:49 of 1st period - Stopped by Martin Jones with a rebound.
1:05 of 1st period - Martin Fehervary is hit by Adam Lowry.
1:30 of 1st period - Snap shot by Philipp Kurashev.
1:30 of 1st period - Shot Misses the Net.
1:46 of 1st period - Snap shot by Connor McDavid.
1:46 of 1st period - Stopped by Joey Daccord with a rebound.
1:48 of 1st period - Wrist shot by Vladislav Namestnikov.
1:48 of 1st period - Stopped by Joey Daccord without a rebound.
1:49 of 1st period - Connor Bedard wins face-off versus Tim Stutzle in Colorado Rockies zone.
2:04 of 1st period - Slapshot by Tim Stutzle.
2:04 of 1st period - Deflect By Joel Armia.
2:04 of 1st period - Stopped by Martin Jones without a rebound.
2:05 of 1st period - Philipp Kurashev wins face-off versus Ridly Greig in Winnipeg Jets zone.
2:32 of 1st period - Vince Dunn is hit by Mason Appleton and loses puck.
2:43 of 1st period - Snap shot by Connor Bedard.
2:43 of 1st period - Stopped by Joey Daccord with a rebound.
2:45 of 1st period - Snap shot by Joel Armia.
2:45 of 1st period - Shot Misses the Net.
3:09 of 1st period - Wrist shot by Nick Schmaltz.
3:09 of 1st period - Deflect By Kyle Connor.
3:09 of 1st period - Shot Misses the Net.
3:09 of 1st period - Puck is out of play.
3:10 of 1st period - Connor McDavid wins face-off versus Michael Bunting in Winnipeg Jets zone.
3:30 of 1st period - Kyle Palmieri is hit by Alexis Lafreniere and loses puck.
3:56 of 1st period - Minor Penalty to Joel Armia for Slashing.
3:57 of 1st period - Connor McDavid wins face-off versus Tim Stutzle in Winnipeg Jets zone.
5:56 of 1st period - Penalty to Joel Armia is over, Joel Armia is back on ice.
7:23 of 1st period - Andrew Peeke is hit by Vladislav Namestnikov and loses puck.
7:34 of 1st period - Dylan Samberg is hit by David Pastrnak and loses puck.
7:47 of 1st period - Jesper Bratt is hit by Connor Bedard and loses puck.
8:33 of 1st period - Tim Stutzle is hit by Connor Bedard and loses puck.
8:48 of 1st period - Wrist shot by Ridly Greig.
8:48 of 1st period - Shot Misses the Net.
8:50 of 1st period - Snap shot by Ridly Greig.
8:50 of 1st period - Stopped by Joey Daccord without a rebound.
8:51 of 1st period - Ridly Greig wins face-off versus Nick Schmaltz in Colorado Rockies zone.
9:06 of 1st period - Wrist shot by Kyle Connor.
9:06 of 1st period - Shot Misses the Net.
9:23 of 1st period - Wrist shot by Nikita Kucherov.
9:23 of 1st period - Stopped by Martin Jones with a rebound.
9:25 of 1st period - Slapshot by Jesper Bratt.
9:25 of 1st period - Shot Misses the Net.
9:35 of 1st period - Haydn Fleury is hit by Nikita Zadorov and loses puck.
10:08 of 1st period - Slapshot by Nick Schmaltz.
10:08 of 1st period - Shot Misses the Net.
10:10 of 1st period - Snap shot by David Pastrnak.
10:10 of 1st period - Shot Misses the Net.
10:18 of 1st period - Minor Penalty to Oliver Ekman-Larsson for Slashing.
10:19 of 1st period - Connor McDavid wins face-off versus Nick Schmaltz in Winnipeg Jets zone.
10:40 of 1st period - Off-side.
10:41 of 1st period - Connor McDavid wins face-off versus Tim Stutzle in neutral zone.
10:54 of 1st period - Snap shot by Connor Bedard.
10:54 of 1st period - Stopped by Joey Daccord without a rebound.
10:55 of 1st period - Nick Schmaltz wins face-off versus Alexis Lafreniere in Colorado Rockies zone.
12:03 of 1st period - Connor McDavid is hit by David Pastrnak and loses puck.
12:18 of 1st period - Penalty to Oliver Ekman-Larsson is over, Oliver Ekman-Larsson is back on ice.
12:42 of 1st period - Minor Penalty to Michael Bunting for Cross-checking.
12:43 of 1st period - Connor McDavid wins face-off versus Nikita Kucherov in Colorado Rockies zone.
12:44 of 1st period - Snap shot by Vladislav Namestnikov.
12:44 of 1st period - Shot Blocked by David Pastrnak.
12:58 of 1st period - Snap shot by Alexis Lafreniere.
12:58 of 1st period - Shot Misses the Net.
14:42 of 1st period - Penalty to Michael Bunting is over, Michael Bunting is back on ice.
14:51 of 1st period - Slapshot by Adam Lowry.
14:51 of 1st period - Stopped by Joey Daccord without a rebound.
14:52 of 1st period - Adam Lowry wins face-off versus Philipp Kurashev in Colorado Rockies zone.
15:01 of 1st period - Snap shot by Jason Zucker.
15:01 of 1st period - Stopped by Joey Daccord without a rebound.
15:02 of 1st period - Adam Lowry wins face-off versus Philipp Kurashev in Colorado Rockies zone.
15:21 of 1st period - Snap shot by Philipp Kurashev.
15:21 of 1st period - Deflect By Michael Bunting.
15:21 of 1st period - Shot Blocked by Olli Maatta.
15:21 of 1st period - Puck is out of play.
15:22 of 1st period - Tim Stutzle wins face-off versus Connor McDavid in Winnipeg Jets zone.
15:29 of 1st period - Wrist shot by Tim Stutzle.
15:29 of 1st period - Stopped by Martin Jones with a rebound.
15:31 of 1st period - Snap shot by Tim Stutzle.
15:31 of 1st period - Stopped by Martin Jones with a rebound.
15:33 of 1st period - Snap shot by Tim Stutzle.
15:33 of 1st period - Stopped by Martin Jones with a rebound.
15:35 of 1st period - Slapshot by Nikita Kucherov.
15:35 of 1st period - Shot Hit the Post.
15:37 of 1st period - Snap shot by Victor Hedman.
15:37 of 1st period - Stopped by Martin Jones with a rebound.
15:49 of 1st period - Nick Schmaltz is hit by Nate Schmidt and loses puck.
15:54 of 1st period - Snap shot by Connor Bedard.
15:54 of 1st period - Deflect By Quinn Hughes.
15:54 of 1st period - Shot Hit the Post.
15:54 of 1st period - Puck is out of play.
15:55 of 1st period - David Pastrnak wins face-off versus Connor Bedard in Colorado Rockies zone.
16:00 of 1st period - Wrist shot by Nick Schmaltz.
16:00 of 1st period - Deflect By David Pastrnak.
16:00 of 1st period - Stopped by Martin Jones with a rebound.
16:02 of 1st period - Snap shot by Nick Schmaltz.
16:02 of 1st period - Shot Misses the Net.
16:21 of 1st period - Icing by Dylan Samberg.
16:22 of 1st period - Connor McDavid wins face-off versus Tim Stutzle in Winnipeg Jets zone.
16:29 of 1st period - Wrist shot by Jesper Bratt.
16:29 of 1st period - Shot Blocked by Connor McDavid.
16:35 of 1st period - Slapshot by Jesper Bratt.
16:35 of 1st period - Stopped by Martin Jones without a rebound.
16:36 of 1st period - Tim Stutzle wins face-off versus Connor Bedard in Winnipeg Jets zone.
16:40 of 1st period - Minor Penalty to Oliver Ekman-Larsson for Tripping.
16:41 of 1st period - Alexis Lafreniere wins face-off versus Nick Schmaltz in Winnipeg Jets zone.
16:49 of 1st period - Backhand shot by Connor McDavid.
16:49 of 1st period - Shot Misses the Net.
18:40 of 1st period - Penalty to Oliver Ekman-Larsson is over, Oliver Ekman-Larsson is back on ice.
18:47 of 1st period - Kyle Palmieri is hit by Taylor Hall and loses puck.
18:54 of 1st period - Michael Kesselring is hit by Kyle Palmieri and loses puck.
19:55 of 1st period - Icing by Ridly Greig.
19:56 of 1st period - Ridly Greig wins face-off versus Nick Schmaltz in Winnipeg Jets zone.
Goals for this period are 0 for Winnipeg Jets vs 0 for Colorado Rockies.
Shots for this period are 8 for Winnipeg Jets vs 9 for Colorado Rockies.
2nd period
0:01 of 2nd period - Alexis Lafreniere wins face-off versus Tim Stutzle in neutral zone.
0:08 of 2nd period - Slapshot by Vladislav Namestnikov.
0:08 of 2nd period - Stopped by Joey Daccord without a rebound.
0:09 of 2nd period - Tim Stutzle wins face-off versus Connor McDavid in Colorado Rockies zone.
0:56 of 2nd period - Wrist shot by Jesper Bratt.
0:56 of 2nd period - Stopped by Martin Jones with a rebound.
0:58 of 2nd period - Snap shot by Jesper Bratt.
0:58 of 2nd period - Stopped by Martin Jones without a rebound.
0:59 of 2nd period - Connor Bedard wins face-off versus David Pastrnak in Winnipeg Jets zone.
1:30 of 2nd period - Snap shot by Jason Zucker.
1:30 of 2nd period - Stopped by Joey Daccord with a rebound.
2:51 of 2nd period - Haydn Fleury is hit by Philipp Kurashev and loses puck.
3:05 of 2nd period - Off-side.
3:06 of 2nd period - Tim Stutzle wins face-off versus Connor Bedard in neutral zone.
3:47 of 2nd period - Philipp Kurashev is hit by Jason Zucker and loses puck.
4:40 of 2nd period - Snap shot by Connor McDavid.
4:40 of 2nd period - Stopped by Joey Daccord with a rebound.
4:42 of 2nd period - Snap shot by Nate Schmidt.
4:42 of 2nd period - Stopped by Joey Daccord without a rebound.
4:43 of 2nd period - Connor McDavid wins face-off versus Tim Stutzle in Colorado Rockies zone.
4:50 of 2nd period - Snap shot by Connor McDavid.
4:50 of 2nd period - Shot Misses the Net.
5:03 of 2nd period - Nikita Zadorov is hit by Olli Maatta and loses puck.
5:10 of 2nd period - Alexis Lafreniere is hit by Nikita Zadorov and loses puck.
5:23 of 2nd period - Slapshot by Tim Stutzle.
5:23 of 2nd period - Shot Misses the Net.
5:29 of 2nd period - Snap shot by Connor McDavid.
5:29 of 2nd period - Shot Blocked by Nikita Kucherov.
5:31 of 2nd period - Slapshot by Dylan Samberg.
5:31 of 2nd period - Shot Blocked by Nikita Kucherov.
5:44 of 2nd period - Minor Penalty to Dylan Samberg for Delaying the game.
5:45 of 2nd period - Connor McDavid wins face-off versus Kyle Connor in Winnipeg Jets zone.
7:34 of 2nd period - Connor McDavid is hit by Kyle Palmieri and loses puck.
7:44 of 2nd period - Penalty to Dylan Samberg is over, Dylan Samberg is back on ice.
7:51 of 2nd period - Oliver Ekman-Larsson is hit by Michael Bunting and loses puck.
8:06 of 2nd period - Snap shot by Taylor Hall.
8:06 of 2nd period - Shot Misses the Net.
8:22 of 2nd period - Wrist shot by Taylor Hall.
8:22 of 2nd period - Deflect By Philipp Kurashev.
8:22 of 2nd period - Shot Misses the Net.
8:22 of 2nd period - Puck is out of play.
8:23 of 2nd period - Taylor Hall wins face-off versus Philipp Kurashev in Colorado Rockies zone.
8:50 of 2nd period - Quinn Hughes is hit by Dylan Samberg and loses puck.
9:28 of 2nd period - Icing by Nikita Zadorov.
9:29 of 2nd period - Nick Schmaltz wins face-off versus Connor McDavid in Colorado Rockies zone.
10:11 of 2nd period - Connor Bedard is hit by Nikita Kucherov and loses puck.
10:22 of 2nd period - Wrist shot by Connor Bedard.
10:22 of 2nd period - Stopped by Joey Daccord with a rebound.
10:24 of 2nd period - Snap shot by Joel Armia.
10:24 of 2nd period - Stopped by Joey Daccord with a rebound.
10:26 of 2nd period - Wrist shot by Mason Appleton.
10:26 of 2nd period - Shot Blocked by Nikita Zadorov.
10:28 of 2nd period - Snap shot by Michael Kesselring.
10:28 of 2nd period - Stopped by Joey Daccord with a rebound.
10:30 of 2nd period - Slapshot by Michael Kesselring.
10:30 of 2nd period - Stopped by Joey Daccord with a rebound.
10:32 of 2nd period - Slapshot by Michael Kesselring.
10:32 of 2nd period - Stopped by Joey Daccord without a rebound.
10:33 of 2nd period - Adam Lowry wins face-off versus Nick Schmaltz in Colorado Rockies zone.
10:40 of 2nd period - Slapshot by Jason Zucker.
10:40 of 2nd period - Goal by Jason Zucker - Winnipeg Jets : 1 - Colorado Rockies : 0.
10:41 of 2nd period - Nick Schmaltz wins face-off versus Adam Lowry in neutral zone.
10:48 of 2nd period - Wrist shot by Kyle Connor.
10:48 of 2nd period - Deflect By Nick Schmaltz.
10:48 of 2nd period - Stopped by Martin Jones with a rebound.
11:11 of 2nd period - Wrist shot by Connor Bedard.
11:11 of 2nd period - Stopped by Joey Daccord without a rebound.
11:12 of 2nd period - Michael Bunting wins face-off versus Connor Bedard in Colorado Rockies zone.
11:56 of 2nd period - Slapshot by Nikita Kucherov.
11:56 of 2nd period - Stopped by Martin Jones without a rebound.
11:57 of 2nd period - Adam Lowry wins face-off versus Nick Schmaltz in Winnipeg Jets zone.
11:57 of 2nd period - Adam Lowry is hit by Kyle Connor.
12:03 of 2nd period - Backhand shot by Barclay Goodrow.
12:03 of 2nd period - Shot Misses the Net.
12:05 of 2nd period - Wrist shot by Barclay Goodrow.
12:05 of 2nd period - Shot Misses the Net.
12:07 of 2nd period - Snap shot by Jason Zucker.
12:07 of 2nd period - Stopped by Joey Daccord without a rebound.
12:08 of 2nd period - Nick Schmaltz wins face-off versus Connor McDavid in Colorado Rockies zone.
12:08 of 2nd period - Nick Schmaltz is hit by Nate Schmidt.
12:21 of 2nd period - Wrist shot by Nick Schmaltz.
12:21 of 2nd period - Deflect By David Pastrnak.
12:21 of 2nd period - Stopped by Martin Jones with a rebound.
12:23 of 2nd period - Snap shot by Kyle Connor.
12:23 of 2nd period - Deflect By David Pastrnak.
12:23 of 2nd period - Stopped by Martin Jones with a rebound.
12:45 of 2nd period - Slapshot by Nate Schmidt.
12:45 of 2nd period - Stopped by Joey Daccord with a rebound.
12:47 of 2nd period - Snap shot by Jason Zucker.
12:47 of 2nd period - Shot Blocked by Jesper Bratt.
13:01 of 2nd period - Snap shot by Kyle Palmieri.
13:01 of 2nd period - Stopped by Martin Jones with a rebound.
13:03 of 2nd period - Backhand shot by Michael Bunting.
13:03 of 2nd period - Stopped by Martin Jones with a rebound.
13:05 of 2nd period - Wrist shot by Michael Bunting.
13:05 of 2nd period - Stopped by Martin Jones with a rebound.
13:07 of 2nd period - Slapshot by Quinn Hughes.
13:07 of 2nd period - Stopped by Martin Jones with a rebound.
13:23 of 2nd period - Martin Fehervary is hit by Taylor Hall.
15:07 of 2nd period - Quinn Hughes is hit by Nate Schmidt and loses puck.
15:14 of 2nd period - Slapshot by Adam Lowry.
15:14 of 2nd period - Shot Blocked by Victor Hedman.
15:50 of 2nd period - Snap shot by Nick Schmaltz.
15:50 of 2nd period - Stopped by Martin Jones without a rebound.
15:51 of 2nd period - Connor McDavid wins face-off versus Nick Schmaltz in Winnipeg Jets zone.
16:21 of 2nd period - Off-side.
16:22 of 2nd period - Tim Stutzle wins face-off versus Connor Bedard in neutral zone.
16:29 of 2nd period - Backhand shot by Tim Stutzle.
16:29 of 2nd period - Stopped by Martin Jones without a rebound.
16:30 of 2nd period - Nick Schmaltz wins face-off versus Connor Bedard in Winnipeg Jets zone.
17:07 of 2nd period - Oliver Ekman-Larsson is hit by Victor Hedman and loses puck.
17:29 of 2nd period - Wrist shot by Victor Hedman.
17:29 of 2nd period - Shot Misses the Net.
18:13 of 2nd period - Snap shot by Alexis Lafreniere.
18:13 of 2nd period - Stopped by Joey Daccord with a rebound.
18:19 of 2nd period - Slapshot by Alexis Lafreniere.
18:19 of 2nd period - Shot Blocked by Nikita Kucherov.
18:35 of 2nd period - Wrist shot by Connor Bedard.
18:35 of 2nd period - Stopped by Joey Daccord with a rebound.
18:55 of 2nd period - Barclay Goodrow is hit by Nick Schmaltz.
19:41 of 2nd period - Snap shot by Connor McDavid.
19:41 of 2nd period - Stopped by Joey Daccord with a rebound.
19:43 of 2nd period - Wrist shot by Alexis Lafreniere.
19:43 of 2nd period - Shot Misses the Net.
Goals for this period are 1 for Winnipeg Jets vs 0 for Colorado Rockies.
Shots for this period are 16 for Winnipeg Jets vs 12 for Colorado Rockies.
3rd period
0:01 of 3rd period - Adam Lowry wins face-off versus Nick Schmaltz in neutral zone.
0:18 of 3rd period - Minor Penalty to Barclay Goodrow for Hooking.
0:19 of 3rd period - Tim Stutzle wins face-off versus Alexis Lafreniere in Winnipeg Jets zone.
0:45 of 3rd period - Quinn Hughes is hit by Connor Bedard and loses puck.
2:18 of 3rd period - Penalty to Barclay Goodrow is over, Barclay Goodrow is back on ice.
2:39 of 3rd period - Wrist shot by Barclay Goodrow.
2:39 of 3rd period - Shot Misses the Net.
2:41 of 3rd period - Snap shot by Jason Zucker.
2:41 of 3rd period - Stopped by Joey Daccord without a rebound.
2:42 of 3rd period - Philipp Kurashev wins face-off versus Mason Appleton in Colorado Rockies zone.
2:42 of 3rd period - Philipp Kurashev is hit by Michael Kesselring.
2:48 of 3rd period - Slapshot by Mason Appleton.
2:48 of 3rd period - Stopped by Joey Daccord without a rebound.
2:49 of 3rd period - Connor Bedard wins face-off versus Philipp Kurashev in Colorado Rockies zone.
2:50 of 3rd period - Snap shot by Mason Appleton.
2:50 of 3rd period - Shot Misses the Net.
2:58 of 3rd period - Snap shot by Kyle Palmieri.
2:58 of 3rd period - Shot Misses the Net.
3:00 of 3rd period - Snap shot by Kyle Palmieri.
3:00 of 3rd period - Stopped by Martin Jones without a rebound.
3:01 of 3rd period - Nick Schmaltz wins face-off versus Vladislav Namestnikov in Winnipeg Jets zone.
3:04 of 3rd period - Snap shot by David Pastrnak.
3:04 of 3rd period - Shot Blocked by Alexis Lafreniere.
3:10 of 3rd period - Snap shot by Connor McDavid.
3:10 of 3rd period - Shot Blocked by Victor Hedman.
3:12 of 3rd period - Snap shot by Vladislav Namestnikov.
3:12 of 3rd period - Stopped by Joey Daccord with a rebound.
3:14 of 3rd period - Snap shot by Olli Maatta.
3:14 of 3rd period - Shot Misses the Net.
3:57 of 3rd period - Snap shot by Michael Bunting.
3:57 of 3rd period - Goal by Michael Bunting - Winnipeg Jets : 1 - Colorado Rockies : 1.
3:58 of 3rd period - Tim Stutzle wins face-off versus Adam Lowry in neutral zone.
4:02 of 3rd period - Double Minor Penalty to Barclay Goodrow for Roughing.
4:03 of 3rd period - Nikita Kucherov wins face-off versus Alexis Lafreniere in Winnipeg Jets zone.
4:15 of 3rd period - Adam Lowry is hit by Nikita Kucherov and loses puck.
4:30 of 3rd period - David Pastrnak is hit by Connor Bedard and loses puck.
6:01 of 3rd period - Jesper Bratt is hit by Olli Maatta and loses puck.
6:10 of 3rd period - Snap shot by Taylor Hall.
6:10 of 3rd period - Stopped by Joey Daccord with a rebound.
6:12 of 3rd period - Slapshot by Taylor Hall.
6:12 of 3rd period - Stopped by Joey Daccord with a rebound.
6:51 of 3rd period - Connor Bedard is hit by Kyle Palmieri and loses puck.
7:04 of 3rd period - Nikita Kucherov is hit by Olli Maatta and loses puck.
8:02 of 3rd period - Penalty to Barclay Goodrow is over, Barclay Goodrow is back on ice.
8:46 of 3rd period - Tim Stutzle is hit by Haydn Fleury and loses puck.
9:05 of 3rd period - Quinn Hughes is hit by Adam Lowry and loses puck.
10:03 of 3rd period - Connor McDavid is hit by David Pastrnak and loses puck.
10:54 of 3rd period - Michael Kesselring is hit by Nick Schmaltz and loses puck.
11:19 of 3rd period - Joel Armia is hit by Michael Bunting and loses puck.
11:44 of 3rd period - Icing by Vince Dunn.
11:45 of 3rd period - Adam Lowry wins face-off versus Philipp Kurashev in Colorado Rockies zone.
12:38 of 3rd period - Off-side.
12:39 of 3rd period - Tim Stutzle wins face-off versus Connor McDavid in neutral zone.
12:42 of 3rd period - Snap shot by Tim Stutzle.
12:42 of 3rd period - Stopped by Martin Jones with a rebound.
13:15 of 3rd period - Snap shot by David Pastrnak.
13:15 of 3rd period - Stopped by Martin Jones with a rebound.
13:37 of 3rd period - Wrist shot by Jason Zucker.
13:37 of 3rd period - Stopped by Joey Daccord without a rebound.
13:38 of 3rd period - Adam Lowry wins face-off versus Nick Schmaltz in Colorado Rockies zone.
13:39 of 3rd period - Wrist shot by Jason Zucker.
13:39 of 3rd period - Stopped by Joey Daccord with a rebound.
14:03 of 3rd period - Olli Maatta is hit by Nikita Zadorov and loses puck.
14:36 of 3rd period - Snap shot by Connor Bedard.
14:36 of 3rd period - Stopped by Joey Daccord with a rebound.
14:38 of 3rd period - Slapshot by Haydn Fleury.
14:38 of 3rd period - Deflect By Connor Bedard.
14:38 of 3rd period - Shot Misses the Net.
14:38 of 3rd period - Puck is out of play.
14:39 of 3rd period - Connor Bedard wins face-off versus Nick Schmaltz in Colorado Rockies zone.
14:56 of 3rd period - David Pastrnak is hit by Mason Appleton and loses puck.
15:18 of 3rd period - Backhand shot by Connor Bedard.
15:18 of 3rd period - Shot Misses the Net.
15:20 of 3rd period - Slapshot by Oliver Ekman-Larsson.
15:20 of 3rd period - Shot Blocked by Kyle Connor.
15:36 of 3rd period - Snap shot by Connor Bedard.
15:36 of 3rd period - Stopped by Joey Daccord without a rebound.
15:37 of 3rd period - Adam Lowry wins face-off versus Nick Bonino in Colorado Rockies zone.
15:40 of 3rd period - Slapshot by Adam Lowry.
15:40 of 3rd period - Shot Misses the Net.
16:00 of 3rd period - Minor Penalty to Jason Zucker for Hooking.
16:01 of 3rd period - Tim Stutzle wins face-off versus Alexis Lafreniere in Winnipeg Jets zone.
16:06 of 3rd period - Wrist shot by Nikita Kucherov.
16:06 of 3rd period - Shot Misses the Net.
16:08 of 3rd period - Slapshot by Martin Fehervary.
16:08 of 3rd period - Stopped by Martin Jones with a rebound.
16:10 of 3rd period - Snap shot by Jesper Bratt.
16:10 of 3rd period - Shot Blocked by Oliver Ekman-Larsson.
16:12 of 3rd period - Slapshot by Martin Fehervary.
16:12 of 3rd period - Shot Blocked by Nate Schmidt.
16:14 of 3rd period - Slapshot by Jesper Bratt.
16:14 of 3rd period - Stopped by Martin Jones without a rebound.
16:15 of 3rd period - Connor McDavid wins face-off versus Tim Stutzle in Winnipeg Jets zone.
17:16 of 3rd period - Olli Maatta is hit by Quinn Hughes and loses puck.
18:00 of 3rd period - Penalty to Jason Zucker is over, Jason Zucker is back on ice.
18:11 of 3rd period - Taylor Hall is hit by Nikita Zadorov and loses puck.
18:34 of 3rd period - Snap shot by Joel Armia.
18:34 of 3rd period - Stopped by Joey Daccord without a rebound.
18:35 of 3rd period - Nick Schmaltz wins face-off versus Joel Armia in Colorado Rockies zone.
18:50 of 3rd period - Snap shot by Quinn Hughes.
18:50 of 3rd period - Stopped by Martin Jones with a rebound.
19:00 of 3rd period - Philipp Kurashev is hit by Nate Schmidt and loses puck.
19:32 of 3rd period - Wrist shot by Kyle Palmieri.
19:32 of 3rd period - Stopped by Martin Jones without a rebound.
19:33 of 3rd period - Nick Schmaltz wins face-off versus Connor Bedard in Winnipeg Jets zone.
Goals for this period are 0 for Winnipeg Jets vs 1 for Colorado Rockies.
Shots for this period are 10 for Winnipeg Jets vs 8 for Colorado Rockies.
Overtime #1
0:01 of 1st overtime period - Connor McDavid wins face-off versus Nikita Kucherov in neutral zone.
0:54 of 1st overtime period - Tim Stutzle is hit by Nate Schmidt and loses puck.
1:29 of 1st overtime period - Wrist shot by Alexis Lafreniere.
1:29 of 1st overtime period - Deflect By Adam Lowry.
1:29 of 1st overtime period - Stopped by Joey Daccord without a rebound.
1:30 of 1st overtime period - Connor McDavid wins face-off versus Nikita Kucherov in Colorado Rockies zone.
1:39 of 1st overtime period - Slapshot by Connor Bedard.
1:39 of 1st overtime period - Stopped by Joey Daccord with a rebound.
2:11 of 1st overtime period - Taylor Hall is hit by Martin Fehervary and loses puck.
2:24 of 1st overtime period - Quinn Hughes is hit by Barclay Goodrow and loses puck.
2:50 of 1st overtime period - Barclay Goodrow is hit by Kevin Hayes and loses puck.
3:23 of 1st overtime period - Nikita Zadorov is hit by Nate Schmidt and loses puck.
4:06 of 1st overtime period - Slapshot by Vince Dunn.
4:06 of 1st overtime period - Shot Misses the Net.
Goals for this period are 0 for Winnipeg Jets vs 0 for Colorado Rockies.
Shots for this period are 2 for Winnipeg Jets vs 0 for Colorado Rockies.
ShootOut
5:00 of 1st overtime period - Round #1.
5:00 of 1st overtime period - Winnipeg Jets, Connor McDavid.
5:00 of 1st overtime period - Deke by Connor McDavid.
5:00 of 1st overtime period - Goal by Connor McDavid.
5:00 of 1st overtime period - Colorado Rockies, Nikita Kucherov.
5:00 of 1st overtime period - Deke by Nikita Kucherov.
5:00 of 1st overtime period - Shot Misses the Net.
5:00 of 1st overtime period - Round #2.
5:00 of 1st overtime period - Winnipeg Jets, Connor Bedard.
5:00 of 1st overtime period - Wrist shot by Connor Bedard.
5:00 of 1st overtime period - Stopped by Joey Daccord.
5:00 of 1st overtime period - Colorado Rockies, David Pastrnak.
5:00 of 1st overtime period - Snap shot by David Pastrnak.
5:00 of 1st overtime period - Stopped by Martin Jones.
5:00 of 1st overtime period - Round #3.
5:00 of 1st overtime period - Winnipeg Jets, Alexis Lafreniere.
5:00 of 1st overtime period - Snap shot by Alexis Lafreniere.
5:00 of 1st overtime period - Stopped by Joey Daccord.
5:00 of 1st overtime period - Colorado Rockies, Tim Stutzle.
5:00 of 1st overtime period - Snap shot by Tim Stutzle.
5:00 of 1st overtime period - Stopped by Martin Jones.
Back to the Top